[Event "*** Titled Tuesday Blitz"]
[Site "Chess.com"]
[Date "2021.04.27"]
[Round "10"]
[White "mishanick"]
[Black "Iball95"]
[Result "0-1"]
[WhiteElo "2985"]
[BlackElo "2662"]
[TimeControl "180+1"]
[EndTime "11:54:31 PDT"]
[Termination "Iball95 won by resignation"]

1. e4 c5 2. Nf3 Nc6 3. d4 cxd4 4. Nxd4 g6 5. Be3 Nf6 6. Nc3 Bg7 7. Nxc6 bxc6 8. e5 Ng8 9. f4 Nh6 10. Bd3 O-O 11. O-O d6 12. Qf3 Nf5 13. Bf2 dxe5 14. fxe5 Bxe5 15. Qxc6 Rb8 16. Rad1 Bb7 17. Qc4 Qc8 18.
Bxa7 Ra8 19. Qxc8 Rfxc8 20. Bxf5 gxf5 21. Bd4 Bxd4+ 22. Rxd4 e6 23. a4 Ba6 24. Rf3 Rab8 25. b4 e5 26. Rd6 Bb7 27. Rg3+ Kf8 28. Rb6 f4 29. Rh3 e4 30. Ne2 Rxc2 31. Nxf4 Rd8 32. Ng6+ hxg6 33. Rh8+ Ke7 34. Rxb7+ Rd7 35. Rxd7+ Kxd7 36. Rh3 f5 37. Ra3 f4 38. Ra1 g5 39. a5 Kc7 40. a6 Kb8 41. Rb1 g4 42. b5 f3 43.
gxf3 gxf3 44. b6 Rg2+ 45. Kh1 e3 46. a7+ Kb7 47. Ra1 Rg8 48. Rd1 e2 49. Rd7+ Kxb6 50. Rg7 Rxg7 0-1

[Event "*** Titled Tuesday Blitz"]
[Site "Chess.com"]
[Date "2021.04.27"]
[Round "10"]
[White "Matols"]
[Black "Aslanov_Umid"]
[Result "1-0"]
[WhiteElo "2276"]
[BlackElo "2420"]
[TimeControl "180+1"]
[EndTime "11:54:33 PDT"]
[Termination "Matols won by resignation"]

1. d4 d5 2. c4 e6 3. Nf3 c6 4. e3 Nf6 5. b3 Nbd7 6. Bb2 b6 7. Bd3 Bd6 8. O-O Bb7 9. Nc3 Qe7 10.
Re1 O-O 11. e4 dxc4 12. bxc4 e5 13. d5 Rac8 14. Rc1 h6 15. Nh4 g6 16. g3 Kg7 17.
Ng2 cxd5 18. cxd5 Nc5 19. Nb5 Nxd3 20. Qxd3 Ba6 21. a4 Bc5 22. Ne3 Rfe8 23. Nc4 Ng4 24. Re2 Qf6 25. Rcc2 Bxb5 26. axb5 Qg5 27. h3 Nf6 28.
Kg2 Nh5 29. Kh2 Kh7 30. Qf3 Nf6 31. h4 Ng4+ 32. Kg2 Qf6 33. Qxg4 Bd4 34. Bxd4 exd4 35.
e5 Qe7 36. Qxd4 Rc5 37. e6 Qb7 38. Nd6 Rxd5 39. Nxb7 Rxd4 40. exf7 Rf8 41. Re7 Kg7 42.
Rcc7 Rd5 43. Kf3 Rxb5 44. Nd6 Rd5 45. Ne8+ Kh8 46. Ke4 Rd2 47. f4 a5 48. Rb7 a4 49.
Nf6 Rd6 50. Nd7 Rxd7 51. Rexd7 a3 52. Ra7 a2 53. Rxa2 Kg7 54. Raa7 b5 55. Re7 b4 56.
Re8 Rxf7 57. Rxf7+ Kxf7 58. Rb8 b3 59. Rxb3 g5 1-0

[Event "*** Titled Tuesday Blitz"]
[Site "Chess.com"]
[Date "2021.04.27"]
[Round "10"]
[White "davigator"]
[Black "827883"]
[Result "0-1"]
[WhiteElo "2413"]
[BlackElo "2288"]
[TimeControl "180+1"]
[EndTime "11:54:35 PDT"]
[Termination "827883 won by resignation"]

1. e4 e5 2. Nf3 Nc6 3. Bb5 a6 4. Ba4 Nf6 5. O-O Be7 6. Re1 b5 7. Bb3 O-O 8. c3 d5 9. exd5 Nxd5 10. Nxe5 Nxe5 11. Rxe5 c6 12. d4 Bd6 13. Re1 Qh4 14.
g3 Qh3 15. Be3 Bg4 16. Qd3 Rae8 17. Nd2 Qh5 18. a4 Re6 19. axb5 axb5 20. Qf1 Rfe8 21. Bxd5 Qxd5 22. Qg2 Qh5 23. Ra6 Bh3 24. Qf3 Bg4 25.
Qh1 f5 26. Qxc6 Bxg3 27. Qxe6+ Rxe6 28. Ra8+ Re8 29. Rxe8+ Qxe8 30. hxg3 Qc6 31. f3 Bxf3 32. Nxf3 Qxf3 33. Bf2 Qd3 34. Kg2 Qc2 35. Re5 Qxb2 36. Rxf5 Qxc3 37. Rc5 Qd3 38. Rc8+ Kf7 39. Rc7+ Kf6 40.
Rc6+ Ke7 41. Rc7+ Kd6 42. Rxg7 b4 43. Rg8 b3 44. Rb8 Kc7 45. Rb4 Qc3 46. Rb5 Qc4 47. Rh5 Qd3 48. Rc5+ Kd7 49. Rd5+ Ke6 50. Re5+ Kd6 51. Re1 b2 52. Be3 b1=Q 53. Bf4+ Kd7 54. Rxb1 Qxb1 55. Be5 Qe4+ 56. Kh3 Ke6 57. g4 Kf7 58.
Kh4 Kg6 59. Kg3 Kg5 60. Kf2 Kxg4 61. Bh8 h5 62. Be5 h4 63. Kf1 Kf3 64. Kg1 Qc2 0-1

[Event "*** Titled Tuesday Blitz"]
[Site "Chess.com"]
[Date "2021.04.27"]
[Round "10"]
[White "ErikRonka"]
[Black "AEMEffi"]
[Result "0-1"]
[WhiteElo "2442"]
[BlackElo "2327"]
[TimeControl "180+1"]
[EndTime "11:54:37 PDT"]
[Termination "AEMEffi won on time"]

1. d4 Nf6 2. c4 g6 3. Nc3 d5 4. Bf4 Bg7 5. e3 O-O 6. Rc1 c6 7. Nf3 a6 8. Be2 b5 9. b3 Be6 10. O-O Nbd7 11. Ng5 Bf5 12. g4 Be6 13. Nxe6 fxe6 14.
g5 Ne8 15. Bg4 Rf5 16. Bxf5 gxf5 17. cxd5 exd5 18. Ne2 Rc8 19. Ng3 e6 20. a4 Nf8 21.
axb5 axb5 22. Nh5 Bh8 23. Qf3 Ng6 24. Rc2 Nd6 25. Rfc1 Qd7 26. Bg3 Ne4 27. Nf4 Nxg5 28. Qh5 Ne4 29. Nxg6 hxg6 30. Qxg6+ Kf8 31. Bf4 Bg7 32.
Kh1 b4 33. Bh6 Bxh6 34. Qxh6+ Qg7 35. Qxe6 Re8 36. Qxf5+ Qf7 37. Qxf7+ Kxf7 38. Kg1 Nc3 39. Rxc3 bxc3 40. Rxc3 Re6 41. f3 Rh6 42. Kg2 Ke7 43.
e4 dxe4 44. fxe4 Rh4 45. Rxc6 Rxe4 46. Rc4 Re3 47. b4 Rb3 48. h4 Kd6 49. h5 Kd5 50.
Rc5+ Kxd4 51. Rb5 Kc4 52. Rb8 Rd3 53. b5 Rd5 54. b6 Kb5 0-1

[Event "*** Titled Tuesday Blitz"]
[Site "Chess.com"]
[Date "2021.04.27"]
[Round "10"]
[White "WisdomGame"]
[Black "beautroll"]
[Result "0-1"]
[WhiteElo "2141"]
[BlackElo "2459"]
[TimeControl "180+1"]
[EndTime "11:54:37 PDT"]
[Termination "beautroll won by checkmate"]

1. e4 c5 2. Nf3 d6 3. Bb5+ Bd7 4.
Bxd7+ Nxd7 5. O-O Ngf6 6. d3 e6 7. Re1 Be7 8. Nc3 O-O 9. Bf4 a6 10. e5 dxe5 11. Nxe5 Rc8 12. Ne4 Nd5 13. Bg3 f5 14. Nc3 Nxc3 15. bxc3 f4 16. Qg4 Nxe5 17. Rxe5 fxg3 18. Qxe6+ Rf7 19. hxg3 Bf6 20. Rd5 Qc7 21. Re1 Bxc3 22. Re3 Rf8 23. Rf5 Bf6 24. g4 h6 25.
Ref3 Qe7 26. Qd5 b6 27. g3 Kh7 28. Kg2 g6 29. R5f4 Kg7 30. Re4 Qc7 31. Ref4 Bd4 32. Qe4 Rxf4 33. gxf4 Rf7 34. f5 gxf5 35. gxf5 Bf6 36. Rg3+ Kh7 37. Qe6 Qb7+ 38. Kf1 Qh1+ 39.
Rg1 Qh3+ 40. Rg2 Rg7 41. Qxf6 Qxg2+ 42. Ke1 Qg1+ 43. Ke2 Qg4+ 44. Ke1 Qd4 45. Qe6 Qc3+ 46. Kf1 Qxc2 47. f6 Qd1+ 48. Qe1 Rg1+ 49. Kxg1 Qxe1+ 50. Kg2 Qe6 51. d4 Qxf6 52. dxc5 bxc5 53. a4 c4 54. a5 c3 55. f4 c2 56. f5 c1=Q 57. Kg3 Qcg5+ 58. Kh2 Qb2+ 59. Kh1 Qbg2# 0-1

[Event "*** Titled Tuesday Blitz"]
[Site "Chess.com"]
[Date "2021.04.27"]
[Round "10"]
[White "Loy_Konstantin"]
[Black "MeekinsKris"]
[Result "1-0"]
[WhiteElo "2376"]
[BlackElo "2216"]
[TimeControl "180+1"]
[EndTime "11:54:41 PDT"]
[Termination "Loy_Konstantin won by resignation"]

1. e4 e5 2. Nf3 Nf6 3. Nxe5 Nc6 4. d4 Nxe5 5. dxe5 Nxe4 6. Bc4 Nc5 7. O-O Be7 8. Nc3 O-O 9. Bf4 b6 10. Re1 Bb7 11. Qg4 Kh8 12. Rad1 Ne6 13. Bg3 Qe8 14.
Bd3 f6 15. exf6 Bxf6 16. Qh3 g6 17. Ne4 Be7 18. Qg4 Qf7 19. f3 Kg8 20. Bc4 Rae8 21. Bh4 Bxh4 22. Qxh4 d5 23. Bxd5 Bxd5 24. Rxd5 Nf4 25.
Rdd1 c5 26. Nd6 Rxe1+ 27. Qxe1 Qc7 28. Ne4 Qe5 29. g3 Ne6 30. Nd6 Qf6 31. f4 Nd4 32.
Ne4 Nf3+ 33. Kf2 Nxe1 34. Nxf6+ Rxf6 35. Rxe1 Kf7 36. Re3 Rc6 37. Ke2 c4 38. Kf3 b5 39.
Re5 a5 40. Rxb5 c3 41. b3 Rd6 42. Rc5 Rd2 43. Rxc3 Rxh2 44. a3 Rh5 45. b4 Rb5 46.
Rc5 Rb7 47. Rxa5 h5 48. Rc5 Ra7 49. Rc3 Rb7 50. Rb3 Kf6 51. b5 Kf5 52. b6 g5 53.
fxg5 Kxg5 54. a4 h4 55. gxh4+ Kxh4 56. a5 Rg7 57. b7 Rg3+ 58. Kf2 Rg8 59. b8=Q 1-0

[Event "*** Titled Tuesday Blitz"]
[Site "Chess.com"]
[Date "2021.04.27"]
[Round "10"]
[White "LifeIsAllAboutChess23"]
[Black "GMJustin"]
[Result "1/2-1/2"]
[WhiteElo "2195"]
[BlackElo "2293"]
[TimeControl "180+1"]
[EndTime "11:54:47 PDT"]
[Termination "Game drawn - insufficient material"]

1. d4 Nf6 2. Bg5 Ne4 3. Bf4 c5 4. f3 Qa5+ 5. c3 Nf6 6. d5 e6 7. e4 Qb6 8. Bc1 exd5 9. e5 Qe6 10. Qe2 Ng8 11. Nh3 d6 12. Nf4 Qxe5 13. Qxe5+ dxe5 14. Nxd5 Bd6 15. Nd2 Be6 16. Ne4 Bxd5 17. Nxd6+ Ke7 18.
Nf5+ Kf8 19. Be3 Nd7 20. O-O-O Be6 21. Nd6 b6 22. Bb5 Ngf6 23. Ne4 Nxe4 24. fxe4 Ke7 25.
Rhf1 Nf6 26. Bg5 h6 27. Bxf6+ gxf6 28. Rd2 Rhg8 29. Rdf2 Rg6 30. g3 h5 31. c4 h4 32.
gxh4 Rh8 33. Bc6 Rxh4 34. Bd5 Rgh6 35. Rh1 Rf4 36. Rxf4 exf4 37. Kd2 Rh3 38. b3 Kd6 39. Ke2 Ke5 40. Kf2 f5 41. Kg2 Rd3 42. exf5 Rd2+ 43.
Kf3 Bxd5+ 44. cxd5 Kxf5 45. Re1 Rd3+ 46. Kf2 Rxd5 47.
h4 Rd2+ 48. Kf3 Rxa2 49. Rh1 Kg6 50. h5+ Kh6 51. Kxf4 Rb2 52. Rh3 b5 53. Ke5 a5 54.
Kd5 a4 55. bxa4 bxa4 56. Kxc5 Rb3 57. Rh2 Rb8 58. Rf2 a3 59. Rxf7 Ra8 60. Rf1 a2 61.
Ra1 Kxh5 62. Kb4 Kg4 63. Kb3 Kf3 64. Rxa2 Rxa2 65. Kxa2 1/2-1/2

[Event "*** Titled Tuesday Blitz"]
[Site "Chess.com"]
[Date "2021.04.27"]
[Round "10"]
[White "Michaelson_11"]
[Black "pavelalexandru07"]
[Result "1-0"]
[WhiteElo "2245"]
[BlackElo "2318"]
[TimeControl "180+1"]
[EndTime "11:54:51 PDT"]
[Termination "Michaelson_11 won on time"]

1. e4 c5 2. Nf3 d6 3. d4 cxd4 4. Nxd4 Nf6 5. Nc3 a6 6. Nb3 Nbd7 7. g4 e6 8. g5 Ng8 9. h4 Qc7 10. f4 Be7 11. Be3 b5 12. Qe2 Bb7 13. Bg2 O-O-O 14. a3 Kb8 15. Nd4 Nc5 16. b4 Nd7 17. Ncxb5 axb5 18. Nxb5 Qc6 19. c4 Nb6 20. Rc1 Rc8 21. Qf2 Bd8 22.
Nd4 Qd7 23. Qe2 Ne7 24. O-O h6 25. c5 Na4 26. cxd6 Qxd6 27. Nb5 Qa6 28. f5 exf5 29. exf5 Bxg2 30. Kxg2 hxg5 31. hxg5 Bb6 32. Bf4+ Ka8 33. Qf3+ Qb7 34. Qxb7+ Kxb7 35. Nd6+ Ka6 36. Nxc8 Rxc8 37.
f6 gxf6 38. gxf6 Rxc1 39. fxe7 Rc8 40. Re1 Re8 41. Bd6 Nc3 42. Rf1 Nd5 43. Rxf7 Kb5 44.
Kf3 Bc7 45. Bxc7 Nxc7 46. Ke4 Kc6 47. Ke5 Kd7 48. Kf6 Nd5+ 49. Ke5 Nxe7 50. a4 Kc6 51. b5+ Kb6 52. Kf6 Nd5+ 53. Kf5 Nb4 54. Rf6+ Ka5 55. Re6 Rf8+ 56. Rf6 Rd8 57. Re6 Rd5+ 58. Kf6 1-0

[Event "*** Titled Tuesday Blitz"]
[Site "Chess.com"]
[Date "2021.04.27"]
[Round "10"]
[White "mjray79"]
[Black "SilviusTiberius"]
[Result "0-1"]
[WhiteElo "2470"]
[BlackElo "2631"]
[TimeControl "180+1"]
[EndTime "11:54:52 PDT"]
[Termination "SilviusTiberius won by checkmate"]

1. d4 Nf6 2. c4 e6 3. g3 d5 4.
Nf3 Be7 5. Bg2 O-O 6. O-O dxc4 7. Qc2 a6 8. a4 Bd7 9. Qxc4 Bc6 10. Bg5 Nbd7 11.
Nc3 h6 12. Bxf6 Nxf6 13. Rfe1 Bd5 14. Nxd5 exd5 15. Qc3 a5 16. Qd3 Bb4 17. Red1 Re8 18. Ne5 Ra6 19. Rac1 Rb6 20. Rc2 Bd6 21. Qc3 Rb4 22.
Nd3 Rc4 23. Qd2 Rxd4 24. Qxa5 Qd7 25. b3 Qg4 26. Bf3 Qh3 27. e3 Rh4 28. Bg2 Qxh2+ 29. Kf1 Rhe4 30. Nf4 Bxf4 31. gxf4 c6 32. Bxe4 dxe4 33.
Rd8 Qh1+ 34. Ke2 Qf3+ 35. Ke1 Rxd8 36. Qxd8+ Kh7 37. Qd1 Qg2 38. Kd2 Qxf2+ 39. Qe2 Qg3 40. b4 Nd5 41. b5 g6 42. bxc6 bxc6 43. Rxc6 h5 44. Rc5 Nb4 45. Rc4 Nd5 46. Rxe4 Nf6 47. Rd4 h4 48. a5 h3 49. Rb4 h2 50. Rb1 Ng4 51. Rh1 Nf2 52. Rxh2+ Qxh2 53. a6 Ne4+ 54. Kd3 Nc5+ 55. Kd2 Qxe2+ 56. Kxe2 Nxa6 57. Kf3 Nc7 58. Ke4 Kg7 59. Ke5 Kf8 60. f5 g5 61.
f6 Ne6 62. Kf5 Kg8 63. Kg4 Kh7 64. Kf5 Kh6 65. e4 Kh5 66. Ke5 g4 67. Kd6 g3 68.
Ke7 Kg6 69. e5 g2 70. Ke8 g1=Q 71. Ke7 Qa7+ 72. Ke8 Qb8+ 73. Ke7 Qc7+ 74. Ke8 Qd8# 0-1

[Event "*** Titled Tuesday Blitz"]
[Site "Chess.com"]
[Date "2021.04.27"]
[Round "10"]
[White "Abund"]
[Black "VerdeNotte"]
[Result "0-1"]
[WhiteElo "2760"]
[BlackElo "2899"]
[TimeControl "180+1"]
[EndTime "11:54:53 PDT"]
[Termination "VerdeNotte won on time"]

1. e4 c5 2. Nf3 d6 3. Bb5+ Bd7 4. Bxd7+ Nxd7 5. O-O Ngf6 6. Qe2 Rc8 7. b3 g6 8. Bb2 Bg7 9. c4 e5 10. Nc3 Nh5 11.
Nd5 Ndf6 12. Nxf6+ Qxf6 13. g3 O-O 14. d3 Qe7 15.
Nh4 Nf4 16. Qf3 Ne6 17. Qg4 Qg5 18. Qxg5 Nxg5 19. f4 exf4 20. Bxg7 Kxg7 21. gxf4 Ne6 22. f5 Nd4 23. Nf3 Nc6 24. Kf2 gxf5 25. Rg1+ Kf6 26.
Ng5 Rg8 27. Nxh7+ Ke5 28. Ng5 fxe4 29. Nxe4 Rh8 30. Rg2 f5 31. Ng5 Kd4 32. Ke2 Kc3 33. Rc1+ Kb4 34. Kd2 Nd4 35. Rf1 Rhg8 36. h4 Rce8 37.
Rff2 a5 38. h5 a4 39. bxa4 Ra8 40. h6 Rxa4 41. h7 Rxa2+ 42. Ke3 Re8+ 43. Kf4 Raa8 44. Rh2 Kc3 45. Nf7 Kxd3 46. h8=Q Re4+ 47. Kg5 Rg4+ 48.
Kf6 Rxh8 49. Rxh8 f4 50. Nxd6 Ke3 51. Rh3+ Kxf2 52. Ne4+ Kg2 53. Rd3 Rg8 54. Nxc5 Ne2 55. Ne4 f3 56. Ke5 Re8+ 57. Kf5 Ng3+ 58. Nxg3 Kxg3 59. Rb3 Rc8 60. Rxb7 f2 61. Rb2 f1=Q+ 0-1

[Event "*** Titled Tuesday Blitz"]
[Site "Chess.com"]
[Date "2021.04.27"]
[Round "10"]
[White "ferch1ni"]
[Black "tteshan"]
[Result "0-1"]
[WhiteElo "2337"]
[BlackElo "2254"]
[TimeControl "180+1"]
[EndTime "11:54:53 PDT"]
[Termination "tteshan won by resignation"]

1. e4 c5 2. Nf3 Nc6 3. d4 cxd4 4.
Nxd4 g6 5. Nc3 Bg7 6. Be3 Nf6 7.
Be2 O-O 8. O-O d6 9. f3 Bd7 10. Qd2 a6 11. Rad1 Rc8 12. Kh1 b5 13. a3 Ne5 14. b3 Qc7 15. Nd5 Nxd5 16. exd5 Qc3 17. Nc6 Qxd2 18. Nxe7+ Kh8 19. Rxd2 Rce8 20. Nc6 Nxc6 21.
dxc6 Bxc6 22. Bb6 Re6 23. Bd3 Rfe8 24. h4 h5 25. Kh2 Be5+ 26. Kh3 Bd7 27. g4 Bf4 28.
Rdf2 Re1 29. Rxe1 Rxe1 30. Rf1 Rxf1 31. Bxf1 f5 32. gxh5 gxh5 33. Bd3 Kg7 34. Kg2 Bc1 35. a4 bxa4 36. bxa4 Bxa4 37. Bxf5 Bb5 38. Bd4+ Kh6 39. Kf2 Bf4 40. Be3 Bxe3+ 41. Kxe3 a5 42. Kd4 Kg7 43. Kd5 a4 44. Kxd6 Bc4 45. Kc5 a3 46. Kxc4 a2 47. Be4 a1=Q 48. Kd5 Qc3 49. Ke6 Qe1 50. c4 Qxh4 51. c5 Qf6+ 52. Kd5 h4 53. c6 Qd8+ 54. Kc5 h3 55. f4 h2 56. f5 Kf6 57. Kb5 Ke5 58.
Bg2 Kxf5 59. Ka6 Qc7 60. Bh1 Ke5 61. Kb5 Kd6 62. Bg2 Qg7 63. Be4 Qe5+ 64. Kb6 Qxe4 65. c7 Qc6+ 0-1

[Event "*** Titled Tuesday Blitz"]
[Site "Chess.com"]
[Date "2021.04.27"]
[Round "10"]
[White "shaheus"]
[Black "Abdimalik_Abdisalimov"]
[Result "1-0"]
[WhiteElo "2178"]
[BlackElo "2298"]
[TimeControl "180+1"]
[EndTime "11:54:53 PDT"]
[Termination "shaheus won on time"]

1. e4 e5 2. Nf3 Nc6 3. Bc4 Nf6 4.
Ng5 d5 5. exd5 Na5 6. d3 h6 7.
Nf3 e4 8. Qe2 Nxc4 9. dxc4 Be7 10.
Nd4 O-O 11. Be3 c5 12. dxc6 Ng4 13. cxb7 Nxe3 14. bxc8=Q Nxg2+ 15. Kf1 Rxc8 16. Qxe4 Nh4 17. Nd2 Bf6 18. c3 Re8 19. Qd5 Qxd5 20. cxd5 Bxd4 21. cxd4 Rc2 22. Rd1 Rxb2 23. Rg1 Rd8 24. d6 Rxa2 25. Ne4 Nf5 26. d7 Kf8 27. Nc5 Rc2 28. Rg4 Nxd4 29.
Rgxd4 Rxc5 30. Kg2 Rc7 31. Rd6 a5 32. Ra6 Rcxd7 33.
Rxd7 Rxd7 34. Rxa5 g6 35. Ra6 Kg7 36. h3 Rd3 37. Rb6 h5 38. Ra6 g5 39. Rb6 f6 40.
Ra6 Kg6 41. Ra8 Rb3 42. Rg8+ Kf5 43. Rh8 h4 44. Ra8 Rb4 45. Ra5+ Kf4 46. Ra8 f5 47.
Rf8 Rd4 48. Rf7 Ke5 49. Rf8 Kf4 50. Re8 g4 51. Rh8 Kg5 52. Rg8+ Kf6 53. Rh8 Kg5 54.
Rg8+ Kf6 55. Rh8 gxh3+ 56. Kxh3 Rf4 57. Rxh4 Rxf2 58. Kg3 Rf1 59. Kg2 1-0

[Event "*** Titled Tuesday Blitz"]
[Site "Chess.com"]
[Date "2021.04.27"]
[Round "10"]
[White "canary2016"]
[Black "AungTZ"]
[Result "1/2-1/2"]
[WhiteElo "1997"]
[BlackElo "2146"]
[TimeControl "180+1"]
[EndTime "11:54:53 PDT"]
[Termination "Game drawn - insufficient material"]

1. d4 Nf6 2. c4 e6 3. g3 Bb4+ 4.
Nd2 O-O 5. Bg2 c6 6. Nf3 d5 7.
O-O Nbd7 8. Qc2 b6 9. a3 Bd6 10. b4 Bb7 11. c5 Bc7 12. e4 e5 13. Bb2 exd4 14. Nxd4 bxc5 15. bxc5 dxe4 16. Nxe4 Ne5 17.
Rfd1 Nxe4 18. Bxe4 Qf6 19. Bxh7+ Kh8 20. Be4 Rae8 21. Bg2 Qh6 22. Nf5 Qh7 23. Ne3 Qxc2 24. Nxc2 Nc4 25. Bc3 Be5 26. Bxe5 Rxe5 27. Rd7 Bc8 28.
Rxa7 Rxc5 29. Nb4 Ne5 30. f4 Ng4 31. Nxc6 Ne3 32. Ne7 Be6 33. Re1 Nxg2 34. Kxg2 Rb8 35. Re2 Bg4 36. Rd2 Rb3 37. h3 Bf3+ 38. Kf2 Be4 39. Ra4 f5 40. Ng6+ Kh7 41. Ne5 Rcc3 42.
g4 Rxh3 43. Rad4 Rh2+ 44. Ke1 Re3+ 45. Kf1 Rf3+ 46. Kg1 Rhh3 47. Rh2 Rg3+ 48. Kf2 Rxh2+ 49. Kxg3 Rg2+ 50. Kh3 Ra2 51. gxf5 Rxa3+ 52. Kg4 Bc2 53. Nf3 Bd1 54. f6 Bxf3+ 55. Kf5 gxf6 56. Rd7+ Kh6 57. Kxf6 Ra6+ 58. Kf5 Ra5+ 59. Ke6 Ra6+ 60. Ke7 Bg4 61. Rd8 Re6+ 62. Kf8 Rf6+ 63. Ke7 Rxf4 64. Ke8 Kg5 65. Ke7 Bf5 66. Rg8+ Kh6 67. Rh8+ Bh7 68. Rf8 Re4+ 69. Kf7 Rf4+ 70. Ke7 Rxf8 71. Kxf8 1/2-1/2

[Event "*** Titled Tuesday Blitz"]
[Site "Chess.com"]
[Date "2021.04.27"]
[Round "10"]
[White "gonzaga23"]
[Black "Kolle05"]
[Result "0-1"]
[WhiteElo "2451"]
[BlackElo "2334"]
[TimeControl "180+1"]
[EndTime "11:54:54 PDT"]
[Termination "Kolle05 won by resignation"]

1. e4 c5 2. Nf3 d6 3. d4 cxd4 4.
Qxd4 a6 5. c4 Nc6 6. Qd2 Nf6 7. Nc3 g6 8. b3 Bg7 9. Bb2 O-O 10. Be2 Bd7 11. O-O Rc8 12. Rac1 Qa5 13. Rfd1 Rfd8 14. h3 Be8 15. Qe3 e6 16. a3 Qc7 17. Rc2 Qb8 18. Rcd2 Na5 19. Qb6 Qc7 20. Qxc7 Rxc7 21. Rxd6 Rxd6 22. Rxd6 Nxb3 23. Rd8 Kf8 24. e5 Nd7 25. Ne4 Ke7 26. Ra8 Nb6 27. Rb8 Bc6 28.
Nd6 Nd7 29. Rg8 Bf8 30. Rh8 h5 31. Rh7 Kd8 32. Rxf7 Be7 33. Nd4 Nxd4 34. Bxd4 b5 35. cxb5 axb5 36. Bd3 b4 37. Bxg6 Bd5 38. axb4 Rc1+ 39.
Kh2 Nf8 40. Nb7+ Bxb7 41. Bc5 Bxc5 42. bxc5 Nxg6 43. Rxb7 Nxe5 44. Rh7 Rxc5 45. Rxh5 Ke7 46. g4 Nf3+ 47. Kg3 Rxh5 48. gxh5 Ne5 49. Kf4 Kf6 50. h4 Nf7 51. f3 Kg7 52. Ke4 Kh6 53. f4 Kxh5 54.
f5 Nd6+ 55. Ke5 exf5 56. Kxd6 f4 0-1

[Event "*** Titled Tuesday Blitz"]
[Site "Chess.com"]
[Date "2021.04.27"]
[Round "10"]
[White "DenLaz"]
[Black "DarkAlekhine"]
[Result "1-0"]
[WhiteElo "2824"]
[BlackElo "2701"]
[TimeControl "180+1"]
[EndTime "11:54:56 PDT"]
[Termination "DenLaz won by checkmate"]

1. d4 Nf6 2. c4 c5 3. d5 e6 4.
Nc3 exd5 5. cxd5 d6 6. e4 g6 7. h3 Bg7 8. Bd3 O-O 9. Nf3 a6 10.
a4 Nbd7 11. O-O Nh5 12. Bg5 Bf6 13. Be3 Rb8 14. Re1 Ne5 15. Be2 Nxf3+ 16. Bxf3 Ng7 17.
Bf4 b5 18. e5 Bxe5 19. Rxe5 dxe5 20. Bxe5 Rb6 21. d6 Re8 22. Qd5 Bb7 23. Qxc5 Ne6 24. Qe3 Bxf3 25. Qxf3 Rxd6 26. Ne4 Nd4 27. Nf6+ Rxf6 28. Qxf6 Qxf6 29. Bxf6 Nc2 30. Rc1 Re1+ 31. Rxe1 Nxe1 32. axb5 axb5 33. Kf1 Nd3 34. Ke2 Nf4+ 35. Kf3 Nd5 36. Bd4 f5 37. Ke2 Kf7 38. Be5 Ke6 39. Bb8 Nb4 40. Kd2 Kd5 41. Kc3 Nc6 42. Bc7 Ke4 43. Bd6 f4 44. h4 f3 45. g4 h5 46.
gxh5 gxh5 47. Bg3 Nd4 48. Kb4 Nf5 49. Bc7 Nxh4 50. Kxb5 Nf5 51. Kc5 Kd3 52. Kd5 Nd4 53. b4 Nb5 54. Bg3 Ke2 55. Kc5 Na3 56. b5 Nxb5 57.
Kxb5 Kf1 58. Kc4 Kg2 59. Kd3 Kh3 60. Ke3 h4 61. Kxf3 hxg3 62. fxg3 Kh2 63. g4 Kg1 64. g5 Kh2 65. g6 Kg1 66. g7 Kf1 67. g8=Q Ke1 68.
Qd5 Kf1 69. Qd1# 1-0

[Event "*** Titled Tuesday Blitz"]
[Site "Chess.com"]
[Date "2021.04.27"]
[Round "10"]
[White "PavelShkapenko"]
[Black "UKR_Master"]
[Result "0-1"]
[WhiteElo "2662"]
[BlackElo "2508"]
[TimeControl "180+1"]
[EndTime "11:54:56 PDT"]
[Termination "UKR_Master won by resignation"]

1. e4 c5 2. c3 Nf6 3. e5 Nd5 4. d4 cxd4 5. cxd4 d6 6. Nf3 e6 7. Nc3 Nxc3 8. bxc3 Bd7 9. Bf4 Bc6 10. Bd3 Nd7 11. O-O Nb6 12. Ng5 h6 13. Qh5 hxg5 14.
Qxh8 gxf4 15. Rfe1 Qg5 16. Qh3 O-O-O 17. Bf1 f3 18. g3 Be7 19. Qh7 Rf8 20. h4 Qg4 21. Kh2 g6 22. Bh3 Qh5 23. Qxh5 gxh5 24. Rad1 Bd5 25. a3 Nc4 26. exd6 Bxd6 27. a4 a6 28. Bf1 Kc7 29. Bd3 Nb2 30. Rd2 Nxd3 31. Rxd3 b5 32. Ra1 Ra8 33. axb5 axb5 34. Rxa8 Bxa8 35.
Kg1 Kb6 36. Kf1 Ka5 37. Ke1 Ka4 38. Rd1 Kb3 39. Kd2 Bd5 40. Kd3 b4 41. cxb4 Kxb4 42. Rb1+ Ka5 43. Ke3 Ka4 44. Rb6 Bc7 45. Ra6+ Kb5 46.
Ra7 Kb6 47. Ra1 Kc6 48. Rc1+ Kd7 49. Ra1 Bb6 50. Rb1 Kc6 51. Rc1+ Kb7 52. Rc3 e5 53. Kd3 Bxd4 54. Rc2 Be6 55. Rd2 Bf5+ 56. Kc4 Kc6 57. Kb4 Kd5 58. Ra2 Ke4 59. Rd2 Be6 60. Kb5 f5 61.
Kb4 f4 62. gxf4 Kxf4 63. Rd1 Ke4 64. Rd2 Bh3 65. Kb5 Bf1+ 0-1

[Event "*** Titled Tuesday Blitz"]
[Site "Chess.com"]
[Date "2021.04.27"]
[Round "10"]
[White "TengisChess"]
[Black "ybruned"]
[Result "1/2-1/2"]
[WhiteElo "2548"]
[BlackElo "2391"]
[TimeControl "180+1"]
[EndTime "11:54:57 PDT"]
[Termination "Game drawn by repetition"]

1. d4 b6 2. Nf3 Bb7 3. Nc3 e6 4. Bg5 Nf6 5. e4 h6 6. Bxf6 Qxf6 7. e5 Qd8 8. Bd3 Be7 9. Qe2 d6 10.
O-O-O Nd7 11. g4 d5 12. h4 c5 13. g5 c4 14. g6 cxd3 15. gxf7+ Kxf7 16. Qxd3 Qf8 17. Rdg1 Ke8 18. Kb1 Qf7 19. Rh3 Kd8 20. Rhg3 Bf8 21.
Ne2 Rc8 22. Qe3 Kc7 23. Nf4 Kb8 24. Rg6 Re8 25. Ne1 Ka8 26. h5 Rg8 27. Qf3 Qf5 28.
Nxe6 Qxf3 29. Nxf3 Kb8 30. Nf4 b5 31. Nh4 Nb6 32.
b3 Bc8 33. R6g3 Be7 34. Nhg6 Bg5 35. Nd3 Bf5 36. f4 Bxg6 37. hxg6 Be7 38. f5 Rgf8 39. Rf3 Kc7 40. Rgf1 Nd7 41. Nf4 Kc6 42. Ne6 Rg8 43. Rc3+ Kb6 44. Nc7 Kb7 45. Nxd5 Bd8 46. f6 gxf6 47.
exf6 Rxg6 48. f7 Rf8 49. Rcf3 Rd6 50. Nc3 a6 51. Ne2 Nf6 52. c3 Rxf7 53. Ng3 Rdd7 54. Nf5 Rf8 55. Nxh6 Rh8 56. Nf5 Rh2 57. Ne3 Nd5 58.
Nxd5 Rxd5 59. R3f2 Rxf2 60. Rxf2 Bc7 61. Re2 b4 62.
Kc2 bxc3 63. Kxc3 Bb6 64. Re4 Rd7 65. Kc4 Kc6 66. b4 Rd6 67. a4 Kc7 68. b5 axb5+ 69. axb5 Rxd4+ 70. Rxd4 Bxd4 71. Kxd4 Kb6 72. Kc4 Kb7 73. Kb4 Kb6 74. Kc4 Kb7 75. Kc5 Kc7 76.
Kd4 Kb6 77. Kc4 1/2-1/2

[Event "*** Titled Tuesday Blitz"]
[Site "Chess.com"]
[Date "2021.04.27"]
[Round "10"]
[White "Susal_De_Silva"]
[Black "Grandelicious"]
[Result "0-1"]
[WhiteElo "2639"]
[BlackElo "2841"]
[TimeControl "180+1"]
[EndTime "11:54:58 PDT"]
[Termination "Grandelicious won by checkmate"]

1. e4 c5 2. Nf3 e6 3. d4 cxd4 4. Nxd4 a6 5. Be2 Ne7 6. O-O Nec6 7. Nc3 Be7 8. Be3 O-O 9. f4 b5 10. e5 Nxd4 11. Bxd4 Nc6 12. Be3 Bb7 13. Bf3 Rc8 14. Ne4 Na5 15. b3 Qc7 16. Rc1 Bxe4 17. Bxe4 g6 18. Bd3 d6 19. Bd4 Nc6 20. Ba1 dxe5 21. fxe5 Nxe5 22. Qe2 Nxd3 23. Qxd3 Rcd8 24. Qe2 Bc5+ 25. Kh1 Bd4 26. c3 Be5 27. h3 Rd7 28. Rfe1 Bg7 29. c4 Bxa1 30. cxb5 Bc3 31. Qe3 axb5 32.
Rxc3 Qa7 33. Qe2 Rfd8 34. Qxb5 Qxa2 35. Rf3 Qa7 36. Ref1 Rb8 37. Qg5 Qb6 38. h4 Rbb7 39. Qg3 Rd5 40. Qf4 Rbd7 41. Qf6 Qb7 42. Rc1 Rd1+ 43.
Rxd1 Rxd1+ 44. Kh2 Qc7+ 45. Qf4 Qxf4+ 46. Rxf4 Rb1 47.
Rb4 Kg7 48. Kh3 h6 49. Rb7 Rb2 50. b4 Kf6 51. b5 g5 52. hxg5+ hxg5 53. Rb8 Kf5 54.
b6 Rb3+ 55. Kh2 f6 56. b7 e5 57. Kg1 g4 58. Kf1 Rb2 59. Ke1 Ke4 60. Rf8 Rxb7 61. Rxf6 Rb2 62. Kf1 Ke3 63. Rf5 Rb1# 0-1

[Event "*** Titled Tuesday Blitz"]
[Site "Chess.com"]
[Date "2021.04.27"]
[Round "10"]
[White "Karttunen"]
[Black "ChampStan"]
[Result "0-1"]
[WhiteElo "2506"]
[BlackElo "2168"]
[TimeControl "180+1"]
[EndTime "11:55:01 PDT"]
[Termination "ChampStan won on time"]

1. d4 Nf6 2. Bf4 g6 3. c3 Bg7 4. Nd2 d6 5. h3 O-O 6. e3 Nbd7 7. Ngf3 Qe8 8. Bb5 a6 9. Ba4 b5 10. Bb3 e5 11. Bh2 Bb7 12. O-O Qe7 13. a4 c5 14.
dxe5 dxe5 15. e4 c4 16. Bc2 Rfd8 17. Qe2 Nh5 18. axb5 axb5 19. Rfd1 Nc5 20. Qe3 Nd3 21. Rxa8 Bxa8 22. Bxd3 Rxd3 23. Qe2 f6 24. Ra1 Bc6 25. Nf1 Bh6 26. Ne1 Rd8 27. f3 Bf8 28. Kh1 Qd7 29.
Bg1 Nf4 30. Qf2 h5 31. Qb6 Rc8 32. Ra7 Qe6 33. Nc2 Be8 34. Qxe6+ Nxe6 35. Nb4 Bxb4 36. cxb4 c3 37. bxc3 Rxc3 38. Re7 Bf7 39. Ne3 Rc1 40.
Nd5 Kg7 41. Kh2 Ng5 42. Bc5 Rc2 43. Kg1 Rc1+ 44. Kf2 Rc2+ 45. Kf1 Rc1+ 46. Ke2 Rc2+ 47. Kd3 Rxg2 48. Rb7 Nxf3 49. Be7 Bxd5 50. exd5 f5 51. Bd6+ Kf6 52. Be7+ Kf7 53. Bd8+ Ke8 54. Bb6 e4+ 55. Ke3 Rd2 56. Rb8+ Ke7 57. Bc5+ Kd7 58. d6 g5 59.
Rb7+ Kc8 60. Rf7 Rd3+ 61. Ke2 f4 0-1